Map: Newkirk Precinct TE (Void)

Players

Neeb - Winner!

  • Race: Protoss Protoss
  • Spawn Location: 7:00

Lambo

  • Race: Zerg Zerg
  • Spawn Location: 5:00

Event: WCS Austin 2017

VOD

Have the link to the VOD?

Description

Time

  • Played on: April 29, 2017, 12:17 p.m.
  • Length: 13:47

All games in this series

Show
View Real Time Build Order
Export as new Build Order

Neeb Protoss - Winner!

Build Orders: Nexus First, Oracle Opening, Phoenix Opening 

Get SALT Encoding   

  12  0:01  Probe (Chrono Boost)  
  13  0:11  Probe (Chrono Boost)  
  14  0:18  Pylon  
  14  0:22  Probe (Chrono Boost)  
  15  0:36  Probe (Chrono Boost)  
  16  0:47  Probe (Chrono Boost)  
  17  0:58  Nexus  
  17  1:08  Gateway  
  17  1:12  Probe (Chrono Boost)  
  18  1:18  Assimilator  
  18  1:22  Probe (Chrono Boost)  
  18  1:25  Assimilator  
  20  1:33  Probe (Chrono Boost)  
  20  1:34  Pylon  
  20  1:43  Probe (Chrono Boost)  
  21  1:54  Probe (Chrono Boost)  
  22  1:56  Cybernetics Core  
  22  2:04  Probe (Chrono Boost)  
  23  2:10  Probe (Chrono Boost)  
  23  2:15  Probe (Chrono Boost)  
  25  2:21  Probe (Chrono Boost)  
  26  2:25  Probe (Chrono Boost), Warp Gate  
  27  2:30  Adept  
  27  2:32  Stargate  
  27  2:33  Probe (Chrono Boost)  
  27  2:36  Probe (Chrono Boost)  
  32  2:45  Probe (Chrono Boost)  
  32  2:46  Probe (Chrono Boost)  
  33  2:54  Adept  
  33  2:57  Probe x2 (Chrono Boost)  
  37  3:08  Probe (Chrono Boost)  
  37  3:09  Probe (Chrono Boost)  
  37  3:11  Pylon, Oracle  
  44  3:20  Probe (Chrono Boost)  
  44  3:21  Probe (Chrono Boost)  
  44  3:26  Gateway  
  44  3:32  Probe (Chrono Boost)  
  44  3:33  Probe (Chrono Boost), Gateway  
  46  3:36  Twilight Council  
  46  3:38  Assimilator  
  46  3:44  Probe (Chrono Boost)  
  46  3:45  Probe (Chrono Boost), Adept  
  46  3:47  Pylon  
  50  3:49  Phoenix  
  53  3:56  Probe (Chrono Boost)  
  53  3:57  Pylon  
  53  4:00  Probe (Chrono Boost)  
  54  4:05  Pylon  
  54  4:08  Probe (Chrono Boost)  
  54  4:09  Resonating Glaives  
  55  4:12  Probe (Chrono Boost)  
  56  4:27  Probe (Chrono Boost)  
  56  4:28  Probe (Chrono Boost), Adept x2  
  56  4:29  Adept  
  64  4:31  Pylon  
  66  4:39  Probe (Chrono Boost)  
  66  4:41  Mothership Core (Chrono Boost)  
  66  4:44  Nexus  
  67  4:53  Adept x3  
  67  4:55  Probe (Chrono Boost)  
  75  5:01  Probe (Chrono Boost)  
  75  5:05  Probe (Chrono Boost)  
  74  5:13  Probe (Chrono Boost), Adept x2  
  74  5:14  Adept  
  77  5:16  Assimilator, Probe (Chrono Boost)  
  77  5:19  Robotics Facility  
  78  5:21  Pylon  
  78  5:25  Probe (Chrono Boost)  
  78  5:26  Probe (Chrono Boost)  
  80  5:36  Adept x2  
  80  5:38  Probe x2 (Chrono Boost)  
  80  5:40  Pylon  
  86  5:42  Forge  
  87  5:50  Probe (Chrono Boost)  
  87  5:54  Probe (Chrono Boost)  
  87  5:56  Probe (Chrono Boost)  
  87  5:57  Sentry x2  
  87  5:58  Sentry  
  87  6:13  Protoss Ground Weapons Level 1  
  87  6:15  Immortal  
  87  6:16  Probe (Chrono Boost)  
  87  6:17  Probe (Chrono Boost)  
  87  6:18  Probe (Chrono Boost)  
  82  6:21  Assimilator  
  82  6:22  Assimilator  
  82  6:23  Gateway  
  86  6:26  Sentry, Gateway  
  86  6:28  Probe (Chrono Boost)  
  86  6:30  Probe (Chrono Boost)  
  86  6:31  Probe (Chrono Boost)  
  91  6:32  Charge  
  91  6:35  Zealot  
  87  6:43  Zealot  
  87  6:46  Probe (Chrono Boost)  
  90  6:49  Probe (Chrono Boost), Pylon x2  
  90  6:51  Observer  
  90  6:52  Adept  
  94  6:56  Gateway  
  94  6:58  Gateway  
  94  6:59  Templar Archives, Gateway  
  94  7:05  Pylon x2  
  94  7:07  Immortal  
  94  7:08  Adept  
  94  7:09  Adept  
  102  7:23  Photon Cannon  
  102  7:24  Pylon  
  102  7:26  Psionic Storm  
  102  7:36  Nexus  
  102  7:37  Pylon  
  102  7:40  High Templar x2, Pylon  
  102  7:43  Probe x3 (Chrono Boost)  
  102  7:44  Pylon  
  109  7:50  Protoss Ground Weapons Level 2  
  109  7:54  High Templar  
  109  7:57  Pylon  
  111  7:58  High Templar  
  111  8:02  Zealot x3  
  111  8:03  Photon Cannon  
  111  8:05  Gateway x2  
  119  8:08  Immortal  
  119  8:10  Assimilator  
  119  8:15  Assimilator  
  123  8:20  Zealot x2  
  127  8:33  Probe x2 (Chrono Boost)  
  129  8:34  High Templar x2  
  129  8:35  Zealot x3  
  129  8:38  Archon  
  129  8:41  Zealot x3  
  139  8:46  Immortal  
  133  9:01  Zealot x3  
  133  9:02  Zealot  
  139  9:03  Probe (Chrono Boost)  
  139  9:04  Probe x3 (Chrono Boost)  
  137  9:13  Probe (Chrono Boost)  
  137  9:14  Zealot x4  
  137  9:16  Probe (Chrono Boost)  
  148  9:17  Probe (Chrono Boost)  
  148  9:20  Immortal, Probe (Chrono Boost)  
  148  9:22  Photon Cannon  
  141  9:25  Zealot x2  
  141  9:27  Zealot  
  142  9:40  High Templar x6  
  142  9:44  Archon x3  
  154  9:54  Warp Prism, Photon Cannon  
  154  9:56  Protoss Ground Weapons Level 3  
  154  9:59  Photon Cannon  
  156  10:05  High Templar x4  
  164  10:09  Archon x2  
  164  10:21  Nexus  
  164  10:25  Immortal  
  164  10:56  Pylon x2  
  164  10:57  Fleet Beacon  
  164  10:58  Stargate x2  
  164  10:59  Pylon  
  164  11:01  Immortal  
  164  11:02  Assimilator  
  152  11:05  High Templar x2  
  152  11:07  Assimilator  
  160  11:16  Zealot x8  
  175  11:29  Pylon  
  175  11:35  Immortal  
  139  11:42  Zealot x6  
  142  11:47  High Templar x4  
  148  11:58  Probe (Chrono Boost)  
  148  11:59  Probe x3 (Chrono Boost)  
  142  12:04  High Templar  
  142  12:05  High Templar x2  
  142  12:06  High Templar  
  150  12:10  Immortal  
  150  12:11  Probe (Chrono Boost)  
  150  12:12  Archon x2  
  155  12:25  High Templar x2  
  155  12:29  Nexus  
  159  12:36  Zealot x4  
  167  12:42  Pylon x2  
  169  12:44  Pylon  
  169  12:45  Mothership Core (Chrono Boost)  
  169  12:57  Zealot x5  
  173  13:30  Pylon  
  173  13:34  High Templar  
  173  13:35  Zealot x9  
  189  13:44  Archon  
Show
View Real Time Build Order
Export as new Build Order

Lambo Zerg 

Build Orders: Hatch First 

Get SALT Encoding   

  12  0:00  Drone  
  13  0:13  Overlord  
  13  0:17  Drone  
  14  0:31  Drone x2  
  16  0:36  Drone  
  17  0:53  Hatchery  
  17  0:55  Drone  
  17  1:00  Drone  
  18  1:10  Extractor  
  17  1:15  Spawning Pool  
  16  1:18  Drone  
  16  1:21  Drone  
  18  1:29  Drone  
  19  1:41  Overlord  
  19  1:51  Drone  
  20  2:02  Queen  
  20  2:03  Zergling x2  
  20  2:04  Queen  
  20  2:05  Zergling x2  
  26  2:10  Metabolic Boost  
  26  2:14  Drone  
  27  2:17  Drone  
  28  2:24  Drone  
  29  2:30  Drone  
  30  2:40  Hatchery  
  30  2:41  Drone  
  30  2:49  Queen  
  32  2:52  Drone  
  32  2:56  Overlord  
  33  3:00  Drone  
  33  3:06  Drone x2  
  33  3:08  Overlord  
  35  3:19  Drone x4  
  40  3:20  Drone  
  40  3:24  Evolution Chamber  
  39  3:29  Queen  
  39  3:32  Drone  
  42  3:36  Spore Crawler  
  42  3:38  Spore Crawler  
  40  3:42  Drone x2  
  42  3:48  Drone x2  
  42  3:49  Drone  
  42  3:55  Drone x2  
  47  3:56  Zerg Melee Weapons Level 1  
  47  4:00  Overlord  
  47  4:06  Drone x3  
  49  4:10  Drone x2  
  49  4:15  Drone  
  49  4:16  Drone x2  
  54  4:21  Overlord  
  54  4:24  Baneling Nest  
  53  4:25  Zergling x6  
  53  4:30  Zergling x6  
  59  4:34  Zergling x2  
  59  4:36  Queen  
  59  4:37  Zergling x2  
  63  4:39  Spore Crawler  
  63  4:42  Zergling x6  
  65  4:46  Overlord  
  65  4:48  Overlord  
  65  4:53  Overlord  
  65  4:55  Overlord  
  64  5:05  Drone x6  
  67  5:08  Drone x3  
  67  5:10  Drone x3  
  67  5:14  Extractor  
  67  5:15  Zergling x2  
  67  5:16  Zergling x2  
  67  5:20  Lair  
  68  5:22  Zergling x4  
  68  5:27  Overlord  
  70  5:31  Zergling x6  
  70  5:32  Zergling x6  
  76  5:36  Drone x2  
  76  5:40  Overlord  
  77  5:48  Zergling x10, Hatchery  
  81  5:53  Baneling  
  81  5:54  Baneling  
  81  5:55  Baneling x4  
  81  5:56  Zergling x8  
  83  5:58  Zergling x2  
  83  5:59  Zergling x2  
  84  6:05  Zergling x2  
  84  6:06  Zergling x4  
  84  6:11  Zergling x4  
  77  6:20  Drone x5  
  77  6:21  Zerg Melee Weapons Level 2  
  82  6:28  Drone x4  
  86  6:32  Extractor  
  86  6:33  Extractor  
  86  6:38  Centrifical Hooks  
  81  6:40  Drone  
  81  6:41  Drone x3  
  81  6:43  Hatchery  
  84  6:48  Overlord  
  84  6:49  Drone x2  
  86  6:55  Overlord  
  86  6:59  Overlord, Pneumatized Carapace  
  86  7:00  Overlord  
  86  7:02  Zergling x2  
  86  7:03  Zergling x14  
  86  7:05  Queen  
  96  7:12  Drone x6  
  96  7:15  Spore Crawler  
  100  7:19  Zergling x6  
  100  7:21  Hydralisk Den  
  102  7:26  Drone x4  
  102  7:29  Zergling x8  
  110  7:39  Zergling x12  
  110  7:43  Zergling x2  
  110  7:44  Zergling x4  
  119  7:49  Zergling x12  
  119  7:51  Baneling x7  
  125  7:54  Zergling x4  
  125  7:57  Zergling x8  
  125  7:58  Zergling x2  
  132  8:00  Overlord  
  132  8:05  Overseer, Baneling x10  
  132  8:09  Zergling x2  
  132  8:10  Zergling x12  
  132  8:11  Baneling  
  132  8:12  Overlord, Baneling x4  
  139  8:16  Baneling x3  
  139  8:19  Zergling x10  
  144  8:27  Zergling x2  
  144  8:28  Zergling x10  
  144  8:31  Baneling x6  
  150  8:38  Zergling x10  
  150  8:39  Zergling x6  
  157  8:45  Zergling x4  
  149  8:59  Zergling x16  
  143  9:08  Muscular Augments, Zerg Missile Weapons Level 1  
  140  9:14  Zergling x26, Extractor  
  140  9:15  Extractor  
  151  9:18  Overlord  
  151  9:19  Hydralisk x3  
  151  9:21  Overlord x2  
  151  9:23  Hatchery  
  149  9:27  Zergling x10  
  146  9:38  Hydralisk x6  
  144  9:45  Baneling x2  
  156  9:50  Drone x2  
  156  9:51  Drone x4  
  162  10:00  Zergling x12, Hydralisk x2  
  172  10:10  Zergling x4  
  172  10:12  Infestation Pit, Overlord  
  173  10:15  Overlord  
  172  10:23  Baneling x7  
  172  10:24  Baneling x2  
  172  10:25  Zergling x8  
  169  10:37  Zergling x2  
  169  10:38  Zergling x6  
  169  10:42  Zergling x8  
  169  10:43  Zergling x16  
  169  10:45  Baneling x14  
  169  10:46  Zergling x2, Hydralisk x2  
  169  10:47  Overlord x2  
  179  10:59  Zergling x6  
  179  11:15  Zergling x10  
  182  11:20  Zergling x14, Hydralisk x4  
  188  11:26  Zergling x14  
  189  11:37  Zergling x14, Hydralisk x4  
  148  11:44  Hydralisk x3  
  136  11:49  Hive  
  136  11:50  Hydralisk x2  
  136  11:51  Zergling x2, Hydralisk  
  135  11:54  Baneling  
  135  11:55  Baneling x3  
  135  12:00  Zergling x10, Hydralisk  
  137  12:05  Zergling x8  
  141  12:11  Baneling x7  
  141  12:13  Drone x3  
  144  12:19  Zergling x12  
  150  12:28  Zergling x10  
  155  12:34  Zergling x12  
  161  12:39  Zergling x10  
  166  12:45  Zergling x10  
  166  12:47  Overlord  
  171  13:00  Zergling x12, Hydralisk  
  171  13:08  Baneling x5  
  171  13:11  Zergling x6, Hydralisk x2  
  163  13:19  Zergling x10, Hydralisk x3  
  153  13:25  Zergling x8  
  160  13:27  Baneling  
  160  13:28  Baneling x5  
  160  13:30  Zergling x4  
Tags
 
Add a new tag
Caveats
  • Supply blocks, unpowered buildings, or Contaminate may cause inaccurate times.
  • Supply counts are checked every 10 seconds.